woodfighter, neutral female scurrid Archeologist ----- --------- #+....# |........###########|...|# |.......| #|... # |.......| #---- # |..<....| ########## |.......-%# # ### |.......| # ---.----- #I woodfighter the Field Worker Experience level: 5 Strength: 11 Dexterity: 10 Constitution: 10 Intelligence: 16 Wisdom: 17 Charisma: 11 Health: 0(36) Energy: 34(34) Def: 2 Gold: 0 Moves: 1314 Dungeon seed: 4KfMVGpDdwWOmbcE Game ID: woodfighter_1533197994 Your Inventory: Amulets I - an uncursed amulet of ESP Weapons a - a +2 bullwhip (weapon in paw) h - a +0 boomerang B - 5 blessed +5 darts S - 8 +0 darts (in quiver) Armor e - an uncursed +0 leather jacket (being worn) n - a blessed +0 pair of leather gloves (being worn) r - an uncursed +0 pair of elven boots y - a cursed -1 pair of levitation boots z - an uncursed +0 dwarvish cloak N - an uncursed +0 cloak of displacement Y - an uncursed +0 dwarvish cloak Comestibles b - 4 uncursed chestnuts j - an uncursed apple v - 2 uncursed sprigs of wolfsbane J - an uncursed tin of floating eye meat Scrolls O - an uncursed scroll of scare monster Potions X - a cursed potion of object detection Rings u - an uncursed ring of protection from shape changers Wands d - a wand of light (0:14) Tools c - an uncursed pair of lenses s - an uncursed sack F - an uncursed wooden harp Z - an uncursed lock pick Gems Q - an uncursed touchstone Contents of the sack: 1315 gold pieces 3 [uncursed] scrolls of enchant weapon a [uncursed] scroll of identify a [uncursed] scroll of remove curse 2 [uncursed] scrolls of scare monster a [uncursed] scroll of scare monster a [uncursed] scroll of teleportation a [blessed] potion of gain energy a [uncursed] potion of hallucination a [uncursed] potion of invisibility a [blessed] potion of levitation a [uncursed] potion of sickness Spells and supernatural/magical abilities: Name Level Category Fail Memory W - pray for help -- divine ? -- Your skills at the end: Miscellaneous Skills wands [Basic] Weapon Skills boomerang [Basic] whip [Basic] Spellcasting Skills Final Attributes: You were devoutly aligned. You were blinded. You had infravision. You were very stealthy. You were fast. You are dead. Vanquished creatures: a small mimic a dust vortex a wood nymph a fog cloud a dwarf a wererat 2 hobbits a gecko 3 giant rats a yellow mold a green mold a red mold a gnome 4 jackals a kobold 4 newts a goblin a sewer rat 3 grid bugs 3 lichens a kobold zombie 34 creatures vanquished. Voluntary challenges: You did not cause conflict. You were not invisible. You did not have reflection. You were not displaced. You were an atheist. You used a wielded weapon 79 times, starting on turn 1. You did not apply a unicorn horn. You did not use plumbed fixtures. You did not drink any magical draughts. You read items or engraved 1 time, starting on turn 879. You never genocided any monsters. You never polymorphed an object. You never changed form. You used no wishes. You never split a pudding. You never wrote Elbereth's name. You never violated your personal moral code. Dungeon overview: The Dungeons of Doom: levels 1 to 7 Level 1 (boxes) some fountains a long staircase Level 2 (box in shop) a general store Level 3 (box) stairs to The Gnomish Mines Level 4 (shop + water) a fountain, a sink Level 5 a general store Level 6 Level 7 <- You were here The Gnomish Mines: Level 4 stairs to The Dungeons of Doom History has recorded: On T:1 you entered the Dungeons of Doom to retrieve the Amulet of Yendor! On T:107 you reached level 2 of The Dungeons of Doom. On T:322 you reached level 3 of The Dungeons of Doom. On T:403 you reached level 4 of The Dungeons of Doom. On T:419 you advanced to experience level 2. On T:475 you reached level 1 of The Gnomish Mines. On T:589 you advanced to experience level 3. On T:629 you reached level 5 of The Dungeons of Doom. On T:775 you reached level 6 of The Dungeons of Doom. On T:877 you advanced to experience level 4. On T:1068 you reached level 7 of The Dungeons of Doom. On T:1276 you advanced to experience level 5. Score breakdown: Gold: 1315 ( 131 points) Experience: 5 levels ( 400 points) Exploration: 7 levels ( 180 points) Discoveries: 21 items ( 1050 points) Variety of kills: 21 monsters ( 1050 points) Major goal: (nothing yet) ( 0 points) Survival: died (score multiplied by 3) Total score: 8433 Latest messages: c - an uncursed pair of lenses. You displace kitty. Kitty eats a wood nymph corpse. S - a dart (in quiver). (2x) You hear the splashing of a naiad. You stop exploring. The dust vortex engulfs you! You can't see in here! You whip the dust vortex. (6x) You hear some noises. You get expelled! Wait! There's something there you can't see! Something engulfs you! You whip the dust vortex. You destroy the dust vortex! You sense a monster nearby! (3x) There's still a monster there. You sense a monster nearby! (2x) There's still a monster there. (2x) Something claws you! (2x) You whip something. (2x) Something claws you! (2x) You whip something. (2x) Something claws you! (2x) You die... Final status: Goodbye woodfighter the Archeologist, killed by a rope golem... You died in The Dungeons of Doom on dungeon level 7 with 8433 points, and 1315 pieces of gold, after 1314 moves. You were level 5 with a maximum of 36 hit points when you died.